 Dungeon Crawl Stone Soup version 0.24.0-2-g5b39cebb1c (webtiles) character file.

Game seed: 11266196730752819249, levelgen mode: deterministic

85 Mrkan the Skirmisher (level 4, -3/35 HPs)
             Began as a Human Fighter on Oct 30, 2019.
             Was an Initiate of Ashenzari.
             Slain by a worm (8 damage)
             ... on level 3 of the Dungeon.
             The game lasted 00:03:58 (1731 turns).

Mrkan the Skirmisher (Human Fighter)                Turns: 1731, Time: 00:03:59

Health: -3/35      AC:  9    Str: 17    XL:     4   Next: 75%
Magic:  4/4        EV:  4    Int:  8    God:    Ashenzari [......]
Gold:   144        SH:  9    Dex: 13    Spells: 3/3 levels left

rFire    . . .     SeeInvis .   a - +0 flail
rCold    . . .     Gourm    .   c - +0 shield (curse)
rNeg     . . .     Faith    .   j - +0 chain mail
rPois    .         Spirit   .   (no helmet)
rElec    .         Reflect  .   (no cloak)
rCorr    .         Harm     .   (no gloves)
MR       .....                  (no boots)
Stlth    ..........             (no amulet)
HPRegen  0.11/turn              (no ring)
MPRegen  0.09/turn              (no ring)

@: lethally poisoned (-3 -> -6)
A: no striking features
a: Curse Item, Renounce Religion


You were on level 3 of the Dungeon.
You worshipped Ashenzari.
Ashenzari was noncommittal.
You were not hungry.

You visited 1 branch of the dungeon, and saw 3 of its levels.

You collected 144 gold pieces.

Inventory:

Hand Weapons
 a - a +0 flail (weapon)
 o - a cursed +0 hunting sling
Missiles
 p - 68 stones (quivered)
Armour
 c - a cursed +0 shield (worn)
 j - a +0 chain mail (worn)
Scrolls
 e - a scroll of fog {unknown}
 h - 2 scrolls of identify {unknown}
 k - 3 scrolls of teleportation {unknown}
 l - 2 scrolls of noise {unknown}
 n - a scroll of enchant weapon {unknown}
 q - a scroll of remove curse
Potions
 b - 2 potions of curing {unknown}
 d - a potion of might
 i - a potion of berserk rage {unknown}
 m - a potion of cancellation {unknown}
Comestibles
 f - 5 rations
 g - 8 chunks of flesh


   Skills:
 + Level 3.5 Fighting
 * Level 3.2 Maces & Flails
 + Level 3.4 Armour
 + Level 3.4 Shields


You had 3 spell levels left.
You didn't know any spells.
Your spell library was empty.

Dungeon Overview and Level Annotations

Branches:
Dungeon (3/15)

Altars:
Ashenzari
Sif Muna


Message History

The adder bites you but does no damage. The worm bites you but does no damage.
Your shield and chain mail prevent you from hitting the worm.
The worm is lightly wounded.
The adder barely misses you. You block the adder's attack. The worm bites you.
* * * LOW HITPOINT WARNING * * *
You sock the worm!
The worm is severely wounded.
You block the adder's attack. The adder bites you.
* * * LOW HITPOINT WARNING * * *
You are poisoned.
The adder poisons you!
Your shield and chain mail prevent you from hitting the worm.
The worm is severely wounded.
You feel sick. The adder bites you.
* * * LOW HITPOINT WARNING * * *
The worm bites you.
* * * LOW HITPOINT WARNING * * *
Unknown command.
You miss the adder. The adder completely misses you. The worm bites you!
You die...

....# ....# ## .#### .#
## ######.### #...^....
#############.####.######
......................g..
....#########.##w#...w..g
....# ####@####.... ....#
#S# ... ....# #.# . ....#
#'# ....# $.. ....# .....
....# ....... ....
####..... .... #.#....


You could see a worm and an adder.

Vanquished Creatures
  A gnoll (D:3)
  4 worms
  2 dart slugs (D:1)
  4 leopard geckos
  An orc (D:3)
  9 bats
  4 giant cockroaches
  5 goblins
  4 hobgoblins
  A quokka (D:2)
  A ball python (D:1)
  4 frilled lizards
  9 kobolds (D:1)
  5 rats
54 creatures vanquished.

Notes
Turn   | Place    | Note
-------+----------+-------------------------------------------
     0 | D:1      | Mrkan the Human Fighter began the quest for the Orb.
     0 | D:1      | Reached XP level 1. HP: 18/18 MP: 1/1
    28 | D:1      | Reached XP level 2. HP: 19/24 MP: 2/2
   209 | D:1      | Reached XP level 3. HP: 28/29 MP: 3/3
   780 | D:2      | Found a shimmering blue altar of Sif Muna.
   970 | D:2      | Reached XP level 4. HP: 35/35 MP: 4/4
  1448 | D:3      | Found a shattered altar of Ashenzari.
  1517 | D:3      | Became a worshipper of Ashenzari the Shackled
  1731 | D:3      | Slain by a worm

Levels and vault maps discovered:
D:1:      moated_graveyard_arrival, layout_loops_ring
D:2:      layout_rooms, lemuel_doored_altar, minmay_misc_feat_pillars,
          minmay_liquid_box
D:3:      layout_basic, ashenzari_conservatory_becter, first_ration

Skill      XL: |  1  2  3  4 |
---------------+-------------+-----
Maces & Flails | 3 |  3.2
Fighting       | |  3.5
Armour         | |  3.4
Shields        | |  3.4

Action                   |  1- 3 |  4- 6 || total
-------------------------+-------+-------++-------
Melee: Flail             |   124 |    82 ||   206
Invok: Curse Item        |       |     1 ||     1
  Eat: Chunk             |     1 |     2 ||     3
Armor: Scale mail        |    27 |       ||    27
       Chain mail        |    61 |    47 ||   108
Dodge: Dodged            |    40 |    14 ||    54
Block: Shield            |    68 |    36 ||   104
